 Dungeon Crawl Stone Soup version 0.23-a0-136-g722f094350 (webtiles) character file.

826 Napalmbreeze the Conjurer (level 7, -1/36 HPs)
             Began as a Deep Elf Fire Elementalist on Aug 28, 2018.
             Slain by Duvessa
             ... wielding a +0 short sword
              (4 damage)
             ... on level 4 of the Dungeon.
             The game lasted 00:16:59 (5301 turns).

Napalmbreeze the Conjurer (DEFE)                    Turns: 5301, Time: 00:16:59

Health: -1/36      AC:  2    Str:  5    XL:     7   Next: 64%
Magic:  2/18       EV: 13    Int: 26    God:
Gold:   272        SH:  0    Dex: 15    Spells: 3/18 levels left

rFire    . . .     SeeInvis .   (no weapon)
rCold    . . .     Gourm    .   (no shield)
rNeg     . . .     Faith    .   a - +0 robe
rPois    .         Spirit   .   (no helmet)
rElec    .         Reflect  .   (no cloak)
rCorr    +         Harm     .   (no gloves)
MR       .....                  (no boots)
Stlth    ++........             (no amulet)
HPRegen  0.12/turn              e - +4 ring of intelligence
MPRegen  0.16/turn              u - ring of resist corrosion

@: very slightly contaminated
A: no striking features
a: no special abilities


You were on level 4 of the Dungeon.
You were not hungry.

You visited 1 branch of the dungeon, and saw 5 of its levels.

You collected 272 gold pieces.

Inventory:

Armour
 a - a +0 robe (worn)
Jewellery
 e - a +4 ring of intelligence (left hand)
 u - a ring of resist corrosion (right hand)
Scrolls
 c - a scroll of enchant weapon {unknown}
 d - 2 scrolls of immolation
 h - 3 scrolls of teleportation
 k - 2 scrolls of fog
 m - 4 scrolls of identify
 r - a scroll of amnesia {unknown}
 s - a scroll of blinking {unknown}
Potions
 b - a potion of degeneration {unknown}
 f - 4 potions of curing {unknown}
 g - a potion of agility {unknown}
 i - a potion of mutation {unknown}
 j - 2 potions of magic {unknown}
 l - a potion of resistance {unknown}
 n - a potion of heal wounds {unknown}
 q - a potion of brilliance {unknown}
Comestibles
 p - 3 rations


   Skills:
 - Level 2.4 Dodging
 - Level 2.4 Stealth
 + Level 6.3 Spellcasting
 * Level 6.7 Conjurations
 + Level 5.7 Fire Magic


You had 3 spell levels left.
You knew the following spells:

 Your Spells              Type           Power        Failure   Level  Hunger
a - Flame Tongue          Conj/Fire      #####        1%          1    None
d - Conjure Flame         Conj/Fire      #####...     1%          3    None
e - Fireball              Conj/Fire      #####.....   14%         5    #####..
f - Sticky Flame          Conj/Fire      #####...     5%          4    ###....
s - Throw Flame           Conj/Fire      #####.       1%          2    None

Your spell library contained the following spells:

 Spells                   Type           Power        Failure   Level  Hunger
 Inner Flame              Hex/Fire       ###.....     6%          3    None


Dungeon Overview and Level Annotations

Branches:
Dungeon (5/15)
 Temple: D:4-7

Altars:
Ashenzari
Elyvilon
Fedhas
Gozag
Sif Muna

Annotations:
D:2 exclusion: sky beast
D:4 Dowan, Duvessa


Message History

Aim: Duvessa, wielding a short sword and wearing a ring mail (heavily wounded, The sticky flame hits Duvessa.
Duvessa appears unharmed.
Duvessa is heavily wounded.
Duvessa is covered in liquid flames!
Duvessa burns!
Duvessa hits you with a short sword!
* * * LOW HITPOINT WARNING * * *
Dowan says, "Magic and the sword, together, will defeat you."
Duvessa closely misses you.
Dowan points at you and mumbles some strange words.
You easily resist.
Duvessa burns!
Duvessa hits you with a short sword!
* * * LOW HITPOINT WARNING * * *
Dowan completely misses you.
You climb upwards.
There is a stone staircase leading down here.
As you read the scroll labeled IWNON NUFRICZEWN, it crumbles to dust.
You hear a loud clanging noise!
It was a scroll of noise.
Duvessa burns!
Duvessa stops burning.
Duvessa hits you with a short sword.
You die...

###.##.##...)...#.###
#.............#.##.
####.##.......#.##.
###.##..)....#.##.
#...##.......#....
#.####.......####.
#.# ##...##### #.
#e###.###.# #.
#@e...# #.# #.
#####.###.#######.
#......##.....
#.#.##.##)####
#.#.......#
#.####)#### #.####>#
#.....)# ########


You could see Duvessa and Dowan.

Vanquished Creatures
  Edmund (D:4)
  A sky beast (D:2)
  A scorpion (D:4)
  A water moccasin skeleton (D:4)
  A howler monkey (D:4)
  2 orc priests (D:4)
  A hound (D:4)
  7 orc wizards
  An iguana (D:4)
  2 worker ants (D:4)
  An adder (D:3)
  A gnoll (D:1)
  2 oozes
  A worm (D:3)
  A dart slug (D:4)
  2 leopard geckos
  15 orcs
  5 bats
  5 giant cockroaches
  5 goblins
  11 hobgoblins
  11 jackals
  2 frilled lizards
  15 kobolds
  10 rats
105 creatures vanquished.

Notes
Turn   | Place    | Note
-------+----------+-------------------------------------------
     0 | D:1      | Napalmbreeze the Deep Elf Fire Elementalist began the quest
                  | for the Orb.
     0 | D:1      | Reached XP level 1. HP: 10/10 MP: 6/6
   507 | D:1      | Reached XP level 2. HP: 15/15 MP: 6/8
   687 | D:1      | Learned a level 2 spell: Throw Flame
   751 | D:1      | Reached XP level 3. HP: 19/19 MP: 5/10
  1410 | D:2      | Noticed a sky beast
  1611 | D:2      | Found a deep blue altar of Sif Muna.
  2198 | D:2      | Found a white marble altar of Elyvilon.
  2200 | D:2      | Found an opulent altar of Gozag.
  2384 | D:2      | Learned a level 3 spell: Conjure Flame
  2442 | D:2      | Killed a sky beast
  2442 | D:2      | Reached XP level 4. HP: 24/24 MP: 3/12
  2442 | D:2      | Reached XP level 5. HP: 28/28 MP: 3/13
  2640 | D:3      | Learned a level 4 spell: Sticky Flame
  2832 | D:3      | Found a deep blue altar of Sif Muna.
  3344 | D:3      | Reached XP level 6. HP: 32/32 MP: 4/15
  3498 | D:3      | Reached skill level 5 in Spellcasting
  3819 | D:4      | Reached skill level 5 in Conjurations
  4095 | D:4      | Found a blossoming altar of Fedhas.
  4165 | D:4      | Reached skill level 5 in Fire Magic
  4382 | D:4      | Reached XP level 7. HP: 29/36 MP: 11/17
  4601 | D:4      | Learned a level 5 spell: Fireball
  4645 | D:4      | Noticed Edmund
  4669 | D:4      | Killed Edmund
  4942 | D:4      | Found a shattered altar of Ashenzari.
  5294 | D:5      | Entered Level 5 of the Dungeon
  5294 | D:5      | Noticed Duvessa
  5294 | D:5      | Noticed Dowan
  5301 | D:4      | Slain by Duvessa

Vault maps used:
D:1:      eino_arrival_druids_welcome
D:2:      nicolae_overflow_crystal_walls, nicolae_overflow_hidden_temple,
          grunt_decor_one_mirror
D:3:      cheibrodos_thug_alley, first_ration, led_sif_book
D:4:      fedhas_altar_1, cheibrodos_ashenzari_chains, uniq_edmund
D:5:      moated_statue, serial_park_tiny_1, serial_bayou_pond_c,
          uniq_blork_the_orc, uniq_duvessa, uniq_ijyb

Skill      XL: |  1  2  3  4  5  6  7 |
---------------+----------------------+-----
Conjurations   | 2 3 4 5 6 |  6.7
Spellcasting   | 4 5 6 |  6.3
Fire Magic     | 4 5 |  5.7
Dodging        | |  2.4
Stealth        | |  2.4

Action                   |  1- 3 |  4- 6 |  7- 9 || total
-------------------------+-------+-------+-------++-------
Melee: Unarmed           |     2 |       |       ||     2
 Cast: Flame Tongue      |    60 |    55 |    47 ||   162
       Throw Flame       |    10 |    29 |     7 ||    46
       Conjure Flame     |     1 |     2 |     3 ||     6
       Sticky Flame      |       |     4 |     3 ||     7
       Fireball          |       |       |     1 ||     1
  Use: Scroll            |       |       |     7 ||     7
  Eat: Chunk             |     4 |     4 |     3 ||    11
       Ration            |     1 |       |       ||     1
Armor: Robe              |     2 |     3 |     1 ||     6
Dodge: Dodged            |    13 |    17 |     4 ||    34

Table legend:
 A = Non-vault XP
 B = Vault XP
 C = Vault XP percentage of total XP
 D = Non-vault monster count
 E = Vault monster count
 F = Vault count percentage of total count
                 A         B        C        D         E       F
            +---------+---------+-------+---------+---------+-------
      Total |     934 |     246 |  20.8 |      93 |      12 |  11.4
            +---------+---------+-------+---------+---------+-------
        D:1 |      52 |       0 |   0.0 |      22 |       0 |   0.0
        D:2 |     151 |       0 |   0.0 |      17 |       0 |   0.0
        D:3 |     127 |      93 |  42.3 |      19 |      11 |  36.7
        D:4 |     604 |     153 |  20.2 |      35 |       1 |   2.8
            +---------+---------+-------+---------+---------+-------
